 Dungeon Crawl Stone Soup version 0.30-a0-371-gad7725a93e (webtiles) character file.

Game seed: 6128620662878929452

1373 retardedninja the Trooper (level 8, -2/73 HPs)
             Began as a Minotaur Fighter on Nov 21, 2022.
             Was an Initiate of Gozag.
             Slain by a steam dragon (6 damage)
             ... on level 6 of the Dungeon.
             The game lasted 00:06:56 (5711 turns).

retardedninja the Trooper (Minotaur Fighter)        Turns: 5711, Time: 00:06:57

Health: -2/73      AC:  9    Str: 23      XL:     8   Next: 39%
Magic:  7/7        EV:  9    Int:  5      God:    Gozag
Gold:   270        SH:  6    Dex:  8 (10) Spells: 7/7 levels left

rFire   . . .      SeeInvis .    a - +0 war axe
rCold   . . .      Faith    .    c - +1 buckler
rNeg    . . .      Spirit   .    b - +0 scale mail
rPois   .          Reflect  .    (helmet restricted)
rElec   .          Harm     .    n - +0 cloak
rCorr   .          Rampage  .    (no gloves)
Will    .....                    (no boots)
Stlth   ..........               (no amulet)
HPRegen 0.32/turn                (no ring)
MPRegen 0.10/turn                (no ring)

@: no status effects
A: horns 2, retaliatory headbutt
a: Renounce Religion, Potion Petition, Call Merchant, Bribe Branch


You were on level 6 of the Dungeon.
You worshipped Gozag.
Gozag was aware of your devotion.
You visited 2 branches of the dungeon, and saw 7 of its levels.

You collected 374 gold pieces.
You paid 104 gold pieces to Gozag.

Inventory:

Hand Weapons
 a - a +0 war axe (weapon)
Armour
 b - a +0 scale mail (worn)
 c - a +1 buckler (worn)
 n - a +0 cloak (worn)
Jewellery
 h - a +6 ring of intelligence
Wands
 m - a wand of flame (27)
Scrolls
 d - a scroll of identify
 e - 3 scrolls of teleportation
 f - a scroll of brand weapon {unknown}
 g - a scroll of enchant armour
 j - a scroll of fear
 l - a scroll of fog {unknown}
 o - a scroll of magic mapping
Potions
 k - 4 potions of mutation
 p - a potion of flight
 r - a potion of attraction
 t - 2 potions of brilliance


   Skills:
 + Level 7.2 Fighting
 + Level 6.6 Axes
 + Level 7.1 Armour
 + Level 7.1 Shields


You had 7 spell levels left.
You didn't know any spells.
Your spell library contained the following spells:

 Spells                   Type           Power      Damage    Failure   Level
 Vhi's Electric Charge    Tloc/Air       0%         N/A       99%         3
 Olgreb's Toxic Radiance  Pois           0%         N/A       100%        4
 Summon Lightning Spire   Summ/Air       0%         N/A       100%        4
 Arcjolt                  Conj/Air       0%         1d10      100%        5
 Ozocubu's Refrigeration  Ice            0%         4d7       100%        7
 Storm Form               Tmut/Air       0%         N/A       100%        7
 Ignition                 Fire           0%         3d3       100%        8
 Maxwell's Capacitive Co  Air            0%         ∞         100%        8


Dungeon Overview and Level Annotations

Branches:
Dungeon (6/15)             Temple (1/1) D:6

Altars:
Ashenzari
Cheibriados
Dithmenos
Fedhas
Gozag
Hepliaklqana
Kikubaaqudgha
Nemelex Xobeh
Okawaru
Ru
Uskayaw
Vehumet
Wu Jian
Xom
Yredelemnul
Zin
The Shining One


Innate Abilities, Weirdness & Mutations

You have a pair of horns on your head.
You reflexively headbutt those who attack you in melee.


Message History

As you read the scroll of fear, it crumbles to dust.
You assume a fearsome visage.
The orc looks frightened!
The steam dragon looks frightened!
The orc is engulfed in a cloud of scalding steam.
The orc dies!
You start resting.
A steam dragon is nearby!
You start resting.
A steam dragon is nearby!
A steam dragon is nearby!
A steam dragon is nearby!
The steam dragon breathes steam at you. The ball of steam hits you!
* * * LOW HITPOINT WARNING * * *
You are engulfed in a cloud of scalding steam.
* * * LOW HITPOINT WARNING * * *
The steam dragon bites you but does no damage.
The steam dragon claws you but does no damage.
You hit the steam dragon.
The steam dragon is moderately wounded.
The steam dragon bites you.
* * * LOW HITPOINT WARNING * * *
The steam dragon claws you but does no damage.
You block the steam dragon's attack.
The steam dragon claws you but does no damage.
Okay, then.
You slash the steam dragon!
The steam dragon is severely wounded.
The steam dragon bites you but does no damage.
You block the steam dragon's attack.
You hit the steam dragon.
The steam dragon is severely wounded.
The steam dragon bites you.
* * * LOW HITPOINT WARNING * * *
The steam dragon claws you but does no damage.
You barely miss the steam dragon. You headbutt the steam dragon.
The steam dragon is almost dead.
The steam dragon bites you.
You die...
Your body crumbles into a pile of gold.

###########
#........^## #######
##..........####......
#...D@..§.............
##.##############......
#..# #......
########.## #......
#.#..#...# #......
#.##.#.### ####.##
###..#.D.## ##....#
#.........# #..####
##.##....### #.##


You could see a steam dragon.

Vanquished Creatures
  Grinder (D:4)
  Eustachio (D:5)
  An ice beast (D:6)
  An ogre (D:4)
  A phantom (D:5)
  2 necrophages
  A scorpion (D:5)
  A howler monkey (D:4)
  3 hounds (D:5)
  Jessica (D:2)
  An iguana (D:5)
  2 orc wizards (D:5)
  Natasha (thrice) (D:2)
  11 gnolls
  9 adders
  An ufetubus (D:5)
  3 worms (D:2)
  2 dart slugs
  13 orcs
  7 endoplasms
  A giant cockroach (D:1)
  7 goblins
  4 hobgoblins
  6 quokkas
  12 ball pythons
  3 bats
  5 frilled lizards
  10 kobolds
  6 rats
119 creatures vanquished.

Vanquished Creatures (others)
  An orc wizard (D:6)
  3 orcs (D:6)
  6 plants (D:5)
10 creatures vanquished.

Grand Total: 129 creatures vanquished

Notes
Turn   | Place    | Note
-------+----------+-------------------------------------------
     0 | D:1      | retardedninja the Minotaur Fighter began the quest for the
                  | Orb.
     0 | D:1      | Reached XP level 1. HP: 19/19 MP: 0/0
   196 | D:1      | Reached XP level 2. HP: 27/27 MP: 1/1
   337 | D:1      | Reached XP level 3. HP: 30/33 MP: 2/2
   908 | D:2      | Noticed Natasha
   914 | D:2      | Killed Natasha
   969 | D:2      | Noticed Natasha
   977 | D:2      | Killed Natasha
   978 | D:2      | Reached XP level 4. HP: 41/41 MP: 3/3
  1007 | D:2      | Noticed Jessica
  1013 | D:2      | Killed Jessica
  1230 | D:2      | Reached XP level 5. HP: 46/47 MP: 4/4
  1296 | D:2      | Noticed Natasha
  1300 | D:2      | Killed Natasha
  1613 | D:3      | Reached skill level 5 in Fighting
  1613 | D:3      | Reached skill level 5 in Armour
  2343 | D:3      | Reached skill level 5 in Shields
  2695 | D:4      | Reached XP level 6. HP: 53/56 MP: 5/5
  2819 | D:4      | Noticed Grinder
  2826 | D:4      | Paralysed by Grinder for 5 turns
  2832 | D:4      | Killed Grinder
  3040 | D:4      | Reached skill level 5 in Axes
  3040 | D:4      | Reached XP level 7. HP: 16/62 MP: 6/6
  3408 | D:4      | Found a blossoming altar of Fedhas.
  3588 | D:5      | Entered Level 5 of the Dungeon
  3615 | D:5      | Found a hazy altar of Hepliaklqana.
  4376 | D:5      | Noticed Eustachio
  4414 | D:5      | Killed Eustachio
  4415 | D:5      | Reached XP level 8. HP: 28/71 MP: 7/7
  5358 | D:6      | Found a staircase to the Ecumenical Temple.
  5377 | Temple   | Entered the Ecumenical Temple
  5385 | Temple   | Became a worshipper of Gozag Ym Sagoz the Greedy
  5710 | D:6      | HP: 3/73 [steam dragon (1)]
  5711 | D:6      | Slain by a steam dragon

Illustrated notes

Levels and vault maps discovered:
D:1:      dpeg_arrival_prison, layout_basic
D:2:      layout_rooms, minmay_quadrilaterals, uniq_jessica, uniq_natasha
D:3:      layout_basic
D:4:      layout_cave_pools, fedhas_altar_3, uniq_grinder
D:5:      layout_loops_corners, nicolae_hepliaklqana_hazy_memory, uniq_eustachio
D:6:      layout_rooms, minmay_temple_entry_large_hall
Temple:   nicolae_temple_no_exploring_needed

Skill      XL: |  1  2  3  4  5  6  7  8 |
---------------+-------------------------+-----
Fighting       | 4 5 6 7 |  7.2
Axes           | 3 4 5 6 |  6.6
Armour         | 4 5 6 7 |  7.1
Shields        | 4 5 6 7 |  7.1

Action                   |  1- 3 |  4- 6 |  7- 9 || total
-------------------------+-------+-------+-------++-------
Melee: War axe           |    65 |   108 |   158 ||   331
       Headbutt          |     8 |    14 |    22 ||    44
  Use: Scroll            |       |     3 |     8 ||    11
       Potion            |       |     3 |     6 ||     9
Armor: Scale mail        |    27 |    34 |    74 ||   135
Dodge: Dodged            |    29 |    40 |    79 ||   148
Block: Buckler           |    12 |    23 |    61 ||    96

Table legend: (Time is in decaauts)
 A = Elapsed time spent in this place.
 B = Non-inter-level travel time spent in this place.
 C = Inter-level travel time spent in this place.
 D = Time resting spent in this place.
 E = Time spent auto-exploring this place.
 F = Levels seen in this place.
 G = Mean time per level.
                   A        B        C        D        E       F      G
               +--------+--------+--------+--------+--------+-----+--------+
         Total |   5793 |   5702 |     91 |   1648 |   3197 |   7 |  827.6 |
       Dungeon |   5776 |   5699 |     77 |   1648 |   3197 |   6 |  962.7 |
        Temple |     16 |      2 |     14 |      0 |      0 |   1 |   16.0 |
               +--------+--------+--------+--------+--------+-----+--------+

Top non-repeatable levels by time:
     D:5: 1735 daAuts
     D:3: 1091 daAuts
     D:4: 1018 daAuts
     D:1: 864 daAuts
     D:2: 675 daAuts
     D:6: 391 daAuts
  Temple: 16 daAuts
